 Dungeon Crawl Stone Soup version 0.30-a0-956-gcec3b41aec (webtiles) character file.

Game seed: 2060412419959513146

2489 jasper the Destroyer (level 9, -22/67 HPs)
             Began as a Purple Draconian Conjurer on Mar 29, 2023.
             Was a Believer of Sif Muna.
             Annihilated by a white ugly thing (26 damage)
             ... on level 9 of the Dungeon.
             The game lasted 00:12:31 (8141 turns).

jasper the Destroyer (Purple Draconian Conjurer)    Turns: 8141, Time: 00:12:31

Health: -22/67     AC: 12    Str: 10    XL:     9   Next: 27%
Magic:  14/14      EV: 12    Int: 23    God:    Sif Muna [**....]
Gold:   446        SH:  0    Dex:  9    Spells: 4/15 levels left

rFire   + . .      SeeInvis .    g - +0 quarterstaff (drain)
rCold   . . .      Faith    .    (shield currently unavailable)
rNeg    . . .      Spirit   .    (body armour unavailable)
rPois   .          Reflect  .    (helmet restricted)
rElec   .          Rampage  .    (no cloak)
rCorr   .                        p - +0 pair of gloves
Will    +....                    (no boots)
Stlth   ++                       J - amulet of magic regeneration
HPRegen 0.31/turn                h - ring of protection from fire
MPRegen 0.54/turn                y - +4 ring of protection

@: slowed, very slow
A: breathe power, AC +7, unfitting armour, cold-blooded
a: Breathe Dispelling Energy, Renounce Religion, Channel Magic


You were on level 9 of the Dungeon.
You worshipped Sif Muna.
Sif Muna was pleased with you.
You visited 2 branches of the dungeon, and saw 10 of its levels.

You collected 599 gold pieces.
You spent 153 gold pieces at shops.

Inventory:

Hand Weapons
 e - a +0 short sword
 g - a +0 quarterstaff of draining (weapon)
Missiles
 r - 28 poisoned darts
 u - 7 javelins
 x - 6 silver javelins
Armour
 p - a +0 pair of gloves (worn)
Magical Staves
 i - a staff of death
Jewellery
 h - a ring of protection from fire (left hand)
 m - a ring of see invisible
 q - an amulet of regeneration
 s - a ring of resist corrosion
 y - a +4 ring of protection (right hand)
 A - a ring of positive energy
 E - a +6 ring of strength
 J - an amulet of magic regeneration (around neck)
Wands
 v - a wand of light (1)
Scrolls
 c - 10 scrolls of teleportation
 n - a scroll of poison
 C - a scroll of fog
 D - 2 scrolls of amnesia
 G - a scroll of immolation {unknown}
 H - a scroll of enchant weapon {unknown}
 I - a scroll of identify
Potions
 a - a potion of magic
 b - 3 potions of heal wounds
 d - 3 potions of cancellation
 f - a potion of might {unknown}
 j - 2 potions of degeneration {unknown}
 k - a potion of resistance {unknown}
 l - 4 potions of haste
 o - 2 potions of curing {unknown}
 t - a potion of attraction {unknown}
 w - a potion of flight {unknown}
 z - a potion of brilliance {unknown}
 B - a potion of berserk rage {unknown}
 F - 2 potions of lignification {unknown}


   Skills:
 + Level 2.0 Fighting
 + Level 2.6 Dodging
 - Level 1.7 Stealth
 + Level 3.7 Spellcasting
 - Level 10.0 Conjurations
 - Level 5.0 Hexes
 - Level 5.0 Translocations
 + Level 2.0 Invocations
 + Level 2.0 Evocations


You had 4 spell levels left.
You knew the following spells:

 Your Spells              Type           Power      Damage    Failure   Level
a - Magic Dart            Conj           100%       1d8       1%          1
b - Searing Ray           Conj           100%       2d8       1%          2
c - Fulminant Prism       Conj/Hex       19%        3d10      4%          4
d - Iskenderun's Mystic   Conj/Tloc      38%        2d9       4%          4

Your spell library contained the following spells:

 Spells                   Type           Power      Damage    Failure   Level
 Dazzling Flash           Conj/Hex       76%        N/A       1%          3
 Ensorcelled Hibernation  Hex/Ice        30%        N/A       6%          2
 Spider Form              Tmut/Pois      4%         N/A       32%         3
 Anguish                  Hex/Necr       7%         N/A       36%         4


Dungeon Overview and Level Annotations

Branches:
Dungeon (9/15)             Temple (1/1) D:4
   Lair: D:8-11         Orc: D:9-12

Altars:
Ashenzari
Cheibriados
Dithmenos
Elyvilon
Fedhas
Gozag
Hepliaklqana
Kikubaaqudgha
Makhleb
Nemelex Xobeh
Okawaru
Qazlal
Ru
Sif Muna
Trog
Uskayaw
Wu Jian
Xom
Yredelemnul
Zin

Shops:
D:5 *


Innate Abilities, Weirdness & Mutations

You can breathe bolts of dispelling energy.
Your rich purple scales are hard. (AC +7)
You cannot fit into any form of body armour.
You are cold-blooded and may be slowed by cold attacks.


Message History

Things that are here:
a +0 shortbow; a centaur corpse The white ugly thing attacks as you move away!
The white ugly thing kicks you. The white ugly thing freezes you!!
You feel yourself slow down.
* * * LOW HITPOINT WARNING * * *
You take 38 damage, and have 12/67 hp.
MASSIVE DAMAGE!!
You feel yourself speed up.
The white ugly thing kicks you but does no damage.
You see here a killer bee corpse.
You feel much better.
The white ugly thing kicks you but does no damage.
You regained 27 hp, and now have 39/67 hp.
You feel much better.
The white ugly thing kicks you but does no damage.
You regained 24 hp, and now have 63/67 hp.
The white ugly thing attacks as you move away!
The white ugly thing kicks you! The white ugly thing freezes you!!
You feel yourself slow down.
Ouch! That really hurt!
* * * LOW HITPOINT WARNING * * *
Things that are here:
a +0 dagger; a +0 robe You take 44 damage, and have 19/67 hp.
MASSIVE DAMAGE!!
You feel much better.
You feel yourself speed up. The white ugly thing kicks you.
The white ugly thing freezes you!!
You feel yourself slow down.
* * * LOW HITPOINT WARNING * * *
You take 6 damage, and have 13/67 hp.
You feel much better.
An orc comes into view. It is wielding a +0 flail.
The white ugly thing kicks you! The white ugly thing freezes you!!
You feel as though you will be slow longer.
* * * LOW HITPOINT WARNING * * *
The white ugly thing kicks you.
* * * LOW HITPOINT WARNING * * *
The white ugly thing freezes you!!
You feel as though you will be slow longer.
You die...

# #####.## ##......## #######
#......... #.....# #o)###....
#.<...# #T#..###.. #.....#
#u#.#..### #.....# #@#...#..###
##'########.#.#...#..###
#####..........#...#..[#..###
................#.#...#..##..##
................#...#..###+#..##
................#.#.)### ###..
..>.............#..## #.#
................### #.#
.#######..####..# #.#


You could see a white ugly thing, a troll and an orc.

Vanquished Creatures
  A wyvern (D:9)
  A human (D:5)
  2 steam dragons
  A water moccasin (D:7)
  An orc warrior (D:9)
  2 centaurs
  A kobold brigand (D:6)
  4 bullfrogs
  3 scorpions
  4 wights (D:8)
  A killer bee (D:9)
  2 howler monkeys (D:8)
  4 jellies
  3 hounds
  3 orc priests
  An iron imp (D:7)
  Natasha (thrice) (D:2)
  3 iguanas
  3 orc wizards
  4 adders
  3 gnolls (D:6)
  2 white imps
  A dart slug (D:1)
  15 orcs
  6 endoplasms
  4 giant cockroaches
  11 hobgoblins
  3 jackals (D:1)
  15 kobolds
  7 quokkas
  4 ball pythons
  6 bats
  2 frilled lizards (D:1)
  10 goblins
  A jackal skeleton (D:5)
  A kobold skeleton (D:5)
  7 rats
145 creatures vanquished.

Vanquished Creatures (others)
  4 fulminant prisms (D:9)
  7 fungi (D:1)
  5 plants (D:1)
16 creatures vanquished.

Grand Total: 161 creatures vanquished

Notes
Turn   | Place    | Note
-------+----------+-------------------------------------------
     0 | D:1      | jasper the Draconian Conjurer began the quest for the Orb.
     0 | D:1      | Reached XP level 1. HP: 14/14 MP: 3/3
   168 | D:1      | Reached XP level 2. HP: 20/20 MP: 3/5
   459 | D:1      | Reached skill level 5 in Conjurations
   467 | D:1      | Reached XP level 3. HP: 22/26 MP: 0/6
   470 | D:1      | Learned a level 2 spell: Searing Ray
  1349 | D:2      | Noticed Natasha
  1354 | D:2      | Killed Natasha
  1355 | D:2      | Reached XP level 4. HP: 33/33 MP: 0/7
  1426 | D:2      | Learned a level 4 spell: Fulminant Prism
  1600 | D:2      | Noticed Natasha
  1604 | D:2      | Killed Natasha
  1605 | D:2      | Reached skill level 6 in Conjurations
  2050 | D:2      | Noticed Natasha
  2053 | D:2      | Killed Natasha
  2054 | D:2      | Reached XP level 5. HP: 38/38 MP: 4/8
  2291 | D:3      | Found a faded altar of an unknown god.
  2361 | D:3      | Found a hazy altar of Hepliaklqana.
  2753 | D:3      | Found an ornate altar of the Wu Jian Council.
  2754 | D:3      | Found a hide-covered altar of Uskayaw.
  2856 | D:3      | Found a glowing silver altar of Zin.
  3064 | D:4      | Found a staircase to the Ecumenical Temple.
  3085 | Temple   | Entered the Ecumenical Temple
  3229 | Temple   | Became a worshipper of Sif Muna the Loreminder
  3412 | D:4      | Reached skill level 7 in Conjurations
  3680 | D:4      | Reached XP level 6. HP: 45/45 MP: 6/9
  4035 | D:5      | Entered Level 5 of the Dungeon
  4193 | D:5      | Found Qeidoex's Assorted Antiques.
  4201 | D:5      | Bought a fizzy yellow potion for 23 gold pieces
  4201 | D:5      | Bought a small jade ring for 130 gold pieces
  4282 | D:5      | Found a runed translucent door.
  4282 | D:5      | Noticed a human
  4304 | D:5      | Found a basalt altar of Yredelemnul.
  4339 | D:5      | Killed a human
  4340 | D:5      | Reached skill level 8 in Conjurations
  4531 | D:5      | Found an opulent altar of Gozag.
  4549 | D:5      | Reached * piety under Sif Muna
  4777 | D:5      | Your scales start taking on a rich purple colour.
  4777 | D:5      | Reached XP level 7. HP: 41/50 MP: 5/10
  4863 | D:5      | Found a burning altar of Makhleb.
  5004 | D:5      | Reached skill level 9 in Conjurations
  5182 | D:6      | Found an iron altar of Okawaru.
  5316 | D:6      | Noticed a steam dragon
  5326 | D:6      | Killed a steam dragon
  5327 | D:6      | Reached skill level 10 in Conjurations
  5334 | D:6      | Learned a level 4 spell: Iskenderun's Mystic Blast
  5422 | D:6      | Found a stormy altar of Qazlal.
  5447 | D:6      | Reached skill level 1 in Hexes
  5447 | D:6      | Reached skill level 1 in Translocations
  5447 | D:6      | Reached XP level 8. HP: 56/57 MP: 7/12
  6280 | D:7      | Found a snail-covered altar of Cheibriados.
  6433 | D:7      | Found a broken altar of Ashenzari.
  7002 | D:8      | Reached ** piety under Sif Muna
  7539 | D:8      | Reached skill level 5 in Hexes
  7586 | D:8      | Reached skill level 5 in Translocations
  7678 | D:8      | Reached XP level 9. HP: 57/63 MP: 13/13
  7772 | D:8      | Reached skill level 1 in Fighting
  7772 | D:8      | Reached skill level 1 in Invocations
  7772 | D:8      | Reached skill level 1 in Evocations
  8114 | D:9      | Noticed a white ugly thing
  8134 | D:9      | Noticed a troll
  8141 | D:9      | Annihilated by a white ugly thing

Illustrated notes

Levels and vault maps discovered:
D:1:      minmay_arrival_plants_in_alcoves, layout_loops_ring,
          dreamdust_mushroom_princess, minmay_vboxes
D:2:      layout_rooms, serial_rivers, chequers_serial_rivers_large_b,
          chequers_serial_rivers_room_b, chequers_serial_rivers_small_b,
          chequers_serial_rivers_micro_d, chequers_serial_rivers_small_3,
          chequers_serial_rivers_micro_e, uniq_natasha
D:3:      minmay_spotlight, layout_loops_ring, zin_academy,
          nzn_hepliaklqana_mist_gate, gammafunk_temple_overflow_statue,
          shapermc_ecumenical_altar_venn, chequers_serial_rivers_micro_b
D:4:      layout_basic, minmay_temple_entry_large_hall
D:5:      layout_loops_ring, dk_yredelemnul_ordeal, kennysheep_mini_moat,
          mainiacjoe_overflow_cross_hatched, serial_shops,
          nicolae_shop_overgrown_old_shop
D:6:      layout_basic, grunt_qazlal_clouds, mainiacjoe_overflow_boulevard,
          kennysheep_generic_room_12
D:7:      layout_basic, amcnicky_altar_gilded, slow_altar_2
D:8:      layout_basic, nicolae_straight_to_the_point
D:9:      minmay_the_grid_triangle_9x9_recursive_2
          [minmay_the_grid_triangle_9x9_prize_schism,
          minmay_the_grid_triangle_9x9_thin_v,
          minmay_the_grid_triangle_9x9_sparse_checkered,
          minmay_the_grid_triangle_9x9_impossible_snake], layout_gridville,
          mainiacjoe_overflow_small_starburst, vehumet_altar_wand_db,
          lair_entry_dummy, hiddenorc2_lemuel
Temple:   hellmonk_temple_forest_ring

Skill      XL: |  1  2  3  4  5  6  7  8  9 |
---------------+----------------------------+-----
Conjurations   | 5 6 7 8 10 | 10.0
Hexes          | 1 5 |  5.0
Translocations | 1 5 |  5.0
Spellcasting   | 3 |  3.7
Fighting       | 2 |  2.0
Dodging        | 2 |  2.6
Invocations    | 2 |  2.0
Evocations     | 2 |  2.0
Stealth        | |  1.7

Action                     |  1- 3 |  4- 6 |  7- 9 || total
---------------------------+-------+-------+-------++-------
  Melee: Short sword       |    37 |       |       ||    37
         Tailslap          |     3 |     2 |     8 ||    13
         Unarmed           |     1 |       |       ||     1
         Punch             |     1 |       |       ||     1
         Quarterstaff      |       |    17 |    64 ||    81
   Cast: Magic Dart        |    66 |    80 |    64 ||   210
         Searing Ray       |     1 |     9 |    25 ||    35
         Fulminant Prism   |       |       |     4 ||     4
Ability: Breathe Dispellin |       |       |     3 ||     3
  Evoke: Wand              |       |     1 |       ||     1
    Use: Scroll            |     4 |     6 |     1 ||    11
         Potion            |       |       |     4 ||     4
 Armour: Skin              |    16 |    23 |    57 ||    96
  Dodge: Dodged            |    46 |    22 |    93 ||   161

Table legend: (Time is in decaauts)
 A = Elapsed time spent in this place.
 B = Non-inter-level travel time spent in this place.
 C = Inter-level travel time spent in this place.
 D = Time resting spent in this place.
 E = Time spent auto-exploring this place.
 F = Levels seen in this place.
 G = Mean time per level.
                   A        B        C        D        E       F      G
               +--------+--------+--------+--------+--------+-----+--------+
         Total |   8199 |   7990 |    209 |    293 |   6643 |  10 |  819.9 |
       Dungeon |   8036 |   7844 |    192 |    293 |   6509 |   9 |  892.9 |
        Temple |    162 |    145 |     17 |      0 |    134 |   1 |  162.0 |
               +--------+--------+--------+--------+--------+-----+--------+

Top non-repeatable levels by time:
     D:1: 1202 daAuts
     D:5: 1152 daAuts
     D:8: 1143 daAuts
     D:7: 912 daAuts
     D:3: 906 daAuts
     D:4: 905 daAuts
     D:2: 886 daAuts
     D:6: 802 daAuts
  Temple: 162 daAuts
     D:9: 124 daAuts
